Unix NetHack Version 5.0.0-0 post-release - last build Jun 10 2026 00:39:30 (3ee93aec679c4c4259841fe613dc97188e26a321,branch:main).

Game began 2026-06-12 01:03:21, ended 2026-06-13 08:00:10.

BatBeefs, neutral female human Tourist

                            -------     -------
                            |$$$$m|--   |..|.>|
                            |$$$$$+.|   |.....|
                          --|:$$$$|-|   |.--.---
                          |:Sfa[$$+.|  --.|d...----
                          |d|.$$o$|-| --..|.......|
                          |@|SiN$$+?| |...|---....|
                          |.|q$$!$|-- |...|..|....|
                          |.|------   |...|..`....|
                          |.|        --Y..`..|....--
                          |[|        |....|..|.....|
                          |.|        |....|--|.....|
                          |.|        |...--  --.|..|
                          |.|        -----    |.----
                          |.-------------------..|
                          |.......)..(......(.^..|
                          ------------------------

BatBeefs the Excursionist   St:12 Dx:12 Co:18 In:13 Wi:10 Ch:15  Neutral S:14562
Dlvl:2  $:2111 HP:0(83) Pw:49(49) AC:-5 Xp:9/3090 T:14213  Blind

Latest messages:
 The giant ant misses!
 You miss the giant ant.
 The giant ant misses!
 You hit the giant ant!
 The giant ant bites!
 You hit the giant ant!
 The giant ant bites!
 The giant ant bites!
 You kill the giant ant!
 The raven bites!
 The raven blinds you!
 You can see again.
 You hit the raven!
 The raven misses!
 The raven blinds you!
 The raven bites!
 The raven misses!
 An owlbear suddenly appears!
 You hit the raven.
 The raven bites!
 The raven bites!
 The raven misses!
 You hit the raven.
 The raven bites!
 The raven just misses!
 The raven misses!
 You hit the raven.
 The raven misses!
 The raven misses!
 The raven misses!
 You hit the raven.
 The raven bites!
 The raven bites!
 You hit the raven.
 The raven bites!
 You hit the raven.
 The raven just misses!
 You kill the raven!
 l - 3 uncursed daggers (at the ready) (5 in total).
 You swap places with Deathdealer.
 You hear some noises.
 The monkey turns into a baluchitherium!
 You try to feel what is lying here on the floor.
 Touching the cockatrice corpse is a fatal mistake...
 You turn to stone...
 Do you want your possessions identified? [ynq] (y) y
 Do you want to see your attributes? [ynq] (y) y
 Do you want an account of creatures vanquished? [ynaq] (y) y
 Do you want to see your conduct and achievements? [ynq] (y) y
 Do you want to see the dungeon overview? [ynq] (y) n

Inventory:
 Coins    ('$')
  $ - 2111 gold pieces
 Weapons  (')')
  E - 13 blessed +1 darts
  p - 3 +2 darts
  a - 2 blessed +0 daggers (wielded)
  l - 5 +0 daggers (at the ready)
  W - a +0 elven dagger
 Armor    ('[')
  L - a blessed +1 orcish helm (being worn)
  q - an uncursed +0 pair of iron shoes (being worn)
  S - an uncursed +3 large shield (being worn)
  t - an uncursed burnt +0 orcish cloak (being worn)
  j - an uncursed +0 Hawaiian shirt with a jellyfish motif named original (being worn)
  m - an uncursed +0 dwarvish mithril-coat (being worn)
 Comestibles  ('%')
  b - 2 uncursed tripe rations
  R - an uncursed lizard corpse
 Scrolls  ('?')
  e - a blessed scroll of blank paper
  u - an uncursed scroll of identify
  M - a blessed scroll of teleportation
 Potions  ('!')
  f - an uncursed potion of object detection
 Rings    ('=')
  g - an uncursed +2 ring of adornment
  i - an uncursed +2 ring of adornment
  B - an uncursed ring of conflict
  x - an uncursed ring of poison resistance named tried
  y - an uncursed ring of regeneration named tried
  T - an uncursed ring of searching named tried
 Wands    ('/')
  r - a wand of digging named possibly empty (0:4)
  d - a wand of light (0:12)
  s - a wand of magic missile (0:2)
  v - a wand of opening named wtf (0:7)
  w - a wand of speed monster (0:1)
  K - a wand of striking (0:0)
  J - a wand of undead turning (0:8)
  I - a wand of undead turning named wtf (0:7)
 Tools    ('(')
  h - an uncursed sack containing 10 items
  C - an uncursed credit card named original
  k - an expensive camera (0:49)
  c - an uncursed lock pick
  z - an uncursed tin whistle
  o - an uncursed towel

Contents of the sack:
  an uncursed scroll of blank paper
  a cursed scroll of blank paper
  2 uncursed scrolls of earth
  4 uncursed scrolls of magic mapping
  an uncursed scroll of remove curse
  a cursed scroll of remove curse
  an uncursed scroll of scare monster
  a potion of holy water
  2 uncursed worthless pieces of green glass
  2 uncursed worthless pieces of white glass

BatBeefs the Tourist's attributes:

Background:
 You were an Excursionist, a level 9 female human Tourist.
 You were neutral, on a mission for The Lady
 who was opposed by Blind Io (lawful) and Offler (chaotic).
 You were right-handed.
 You were in Sokoban, on level 2.
 You entered the dungeon 14213 turns ago.
 You had 3090 experience points, 2030 more were needed to attain level 10.
 Your score was 14562 before end-of-game adjustments.

Basics:
 You had 0 out of 83 hit points.
 You had all 49 energy points (spell power).
 Your armor class was -5.
 Your wallet contained 2111 zorkmids.
 Autopickup was off.

Final Characteristics:
 Your strength was 12 (peak:16, limit:18/100).
 Your dexterity was 12 (limit:18).
 Your constitution was 18 (limit:18).
 Your intelligence was 13 (limit:18).
 Your wisdom was 10 (peak:11, limit:18).
 Your charisma was 15 (limit:18).

Final Status:
 You were temporarily blind.
 You weren't hungry.
 You were unencumbered.
 You were wielding daggers.
 You had expert skill with dagger.

Final Attributes:
 You were piously aligned.
 You were fire resistant.
 You were cold resistant.
 You were sleep resistant.
 You were telepathic.
 You were guarded.
 You are dead.

Miscellaneous:
 You didn't encounter any bones levels.
 Total elapsed playing time was 6 hours, 9 minutes and 36 seconds.

Major events:
 Turn
    1: BatBeefs the neutral female human Tourist entered the dungeon
  754: attained the rank of Sightseer (level 3)
 3405: entered the Gnomish Mines
 4361: reached Mine Town
 4409: attained the rank of Excursionist (level 6)
 4793: read a Discworld novel
 8855: entered Sokoban
 9236: completed 1st Sokoban level
11220: completed 2nd Sokoban level
12563: completed 3rd Sokoban level
13848: completed 4th Sokoban level
14213: petrified by touching a cockatrice corpse bare-handed

You didn't know any spells.

Skills:
 Fighting Skills
   bare handed combat [Unskilled]
   two weapon combat  [Unskilled]
   riding             [Unskilled]
 Weapon Skills
   dagger             [Expert]
   knife              [Unskilled]
   axe                [Unskilled]
   pick-axe           [Unskilled]
   short sword        [Unskilled]
   broadsword         [Unskilled]
   long sword         [Unskilled]
   two-handed sword   [Unskilled]
   saber              [Unskilled]
   mace               [Unskilled]
   morning star       [Unskilled]
   flail              [Unskilled]
   hammer             [Unskilled]
   quarterstaff       [Unskilled]
   polearms           [Unskilled]
   spear              [Unskilled]
   trident            [Unskilled]
   lance              [Unskilled]
   bow                [Unskilled]
   sling              [Unskilled]
   crossbow           [Unskilled]
   dart               [Basic]
   shuriken           [Unskilled]
   boomerang          [Unskilled]
   whip               [Unskilled]
   unicorn horn       [Unskilled]
 Spellcasting Skills
   divination spells  [Unskilled]
   enchantment spells [Unskilled]
   escape spells      [Unskilled]

Voluntary challenges:
 Character rerolling was not enabled.
 You never genocided any monsters.
 You never changed form.
 You used no wishes.
 You did not violate any of the special Sokoban rules.
Achievements:
 You attained the rank of Sightseer.
 You entered a shop.
 You entered the Gnomish Mines.
 You entered Minetown.
 You attained the rank of Excursionist.
 You entered a temple.
 You read from a Discworld novel.
 You entered Sokoban.

 The Dungeons of Doom: levels 1 to 6
    Level 1:
    Level 2: "vault"
       Some fountains, some graves.
    Level 3:
       A general store, some fountains, a sink.
    Level 4: "vault, altar"
       An altar to The Lady, a fountain, a grave.
       Stairs down to The Gnomish Mines.
    Level 5:
    Level 6:
       Stairs up to Sokoban, level 5.
 The Gnomish Mines: levels 5 to 7
    Level 5:
    Level 6:
    Level 7:
       Many shops, a temple and an altar, some fountains.
 Sokoban: levels 5 up to 2
    Level 2: <- You were here.
       Solved.
       Final resting place for
          you, petrified by touching a cockatrice corpse bare-handed.
    Level 3:
       Solved.
    Level 4:
       Solved.
    Level 5:
       Solved.


Vanquished creatures:
  a giant mimic
  2 small mimics
  a xan
  2 gelatinous cubes
  a tiger
  2 leocrottas
  a mountain centaur
  a red naga
  a python
  a carnivorous ape
  2 watchmen
 an amorous demon
  2 crocodiles
  3 giant beetles
  2 quivering blobs
  2 cockatrices
  a panther
  a leprechaun
  2 ice vortices
  4 black lights
  a vampire bat
  a werewolf
  2 lizards
  2 dingoes
  2 dogs
  a jaguar
  2 blue jellies
  2 ravens
  2 snakes
  4 apes
  a human zombie
  2 rope golems
  5 Woodland-elves
  3 soldier ants
  a fire ant
  a bugbear
  a quasit
  a wood nymph
  3 water nymphs
  a mountain nymph
  3 Mordor orcs
 10 Uruk-hai
 an orc shaman
  2 rock piercers
  2 rock moles
  a pony
  2 fog clouds
  2 yellow lights
  3 shriekers
  a violet fungus
  2 gnome leaders
  4 gnomish wizards
 an elf zombie
  2 paper golems
  7 giant ants
  4 little dogs
  5 floating eyes
  a kitten
  5 dwarves
  2 homunculi
  2 kobold shamans
  7 rothes
  2 rabid rats
  a centipede
  a giant bat
  a monkey
  4 orc zombies
  6 dwarf zombies
  3 werejackals
  5 iguanas
  2 acid blobs
  5 coyotes
  6 hobbits
  a large kobold
  2 hobgoblins
  2 giant rats
  a cave spider
  a brown mold
  3 yellow molds
  3 red molds
 13 gnomes
  a garter snake
  2 gnome zombies
  9 geckos
 13 jackals
  3 foxes
  4 kobolds
  5 goblins
  3 sewer rats
 10 grid bugs
  a bat
  6 lichens
  2 kobold zombies
 15 newts
276 creatures vanquished.

No species were genocided or became extinct.

Game over:
                       ----------
                      /          \
                     /    REST    \
                    /      IN      \
                   /     PEACE      \
                  /                  \
                  |     BatBeefs     |
                  |     2111 Au      |
                  |   petrified by   |
                  |    touching a    |
                  |    cockatrice    |
                  |      corpse      |
                  |       2026       |
                 *|     *  *  *      | *
        _________)/\\_//(\/(/\)/\//\/|_)_______

Aloha BatBeefs the Tourist...

You turned to stone in Sokoban on dungeon level 2 with 14386 points,
and 2111 pieces of gold, after 14213 moves.
You were level 9 with a maximum of 83 hit points when you turned to stone.

